 Dungeon Crawl Stone Soup version 0.21.1-1-g345015fe64 (webtiles) character file.

13785 Peloso the Carver (level 11, -11/99 HPs)
             Began as a Deep Dwarf Fighter on Apr 21, 2018.
             Was a High Priest of Okawaru.
             Mangled by Snorg (18 damage)
             ... on level 11 of the Dungeon.
             The game lasted 00:48:31 (12582 turns).

Peloso the Carver (Deep Dwarf Fighter)             Turns: 12582, Time: 00:48:32

Health: -11/99     AC: 20    Str: 21    XL:     11   Next: 80%
Magic:  0/2        EV: 13    Int:  9    God:    Okawaru [*****.]
Gold:   256        SH: 14    Dex: 12    Spells: 10/10 levels left

rFire    + . .     SeeInvis .   I - +2 falchion (holy)
rCold    + . .     Gourm    .   c - +0 shield
rNeg     . . .     Faith    .   D - +1 chain mail {MR+}
rPois    .         Spirit   .   u - +1 helmet
rElec    .         Reflect  .   E - +0 cloak
rCorr    .         Harm     .   (no gloves)
MR       ++...                  m - +0 pair of boots
Stlth    ..........             (no amulet)
HPRegen  0.00/turn              o - ring of protection from fire
MPRegen  0.08/turn              n - ring of protection from cold

@: heroism, non-regenerating
A: damage resistance, heal wounds, sense surroundings 2, weak 1, no regeneration
a: Heal Wounds, Heroism, Finesse, Renounce Religion


You were on level 11 of the Dungeon.
You worshipped Okawaru.
Okawaru was extremely pleased with you.
You were near starving.

You visited 3 branches of the dungeon, and saw 14 of its levels.

You collected 571 gold pieces.
You spent 315 gold pieces at shops.

Inventory:

Hand Weapons
 a - a +1 long sword
 r - the +7 dagger "Vankism" {pierce, MR+}
   (You found it on level 4 of the Dungeon)

   It inflicts extra damage upon your enemies.
   It affects your resistance to hostile enchantments.
 G - a +0 war axe of flaming
 I - a +2 falchion of holy wrath (weapon)
 O - a +2 hand axe of flaming
Missiles
 y - 93 bolts
Armour
 c - a +0 shield (worn)
 m - a +0 pair of boots (worn)
 u - a +1 helmet (worn)
 v - a +0 plate armour
 D - a +1 chain mail of magic resistance (worn)
 E - a +0 cloak (worn)
Jewellery
 l - an uncursed ring of magical power
 n - a ring of protection from cold (right hand)
 o - a ring of protection from fire (left hand)
 L - a cursed +4 ring of evasion
Wands
 e - a wand of disintegration (2)
 x - a wand of polymorph (16)
 H - a wand of flame (3)
 K - a wand of random effects (29)
 P - a wand of enslavement (8)
Scrolls
 b - 2 scrolls of amnesia
 h - 2 scrolls of enchant armour
 k - 4 scrolls of fear
 p - a scroll of magic mapping
 q - 2 scrolls of remove curse
 s - 7 scrolls of teleportation
 t - 3 scrolls of enchant weapon
 J - a scroll of identify
 N - a scroll of fog
Potions
 d - a potion of cancellation
 g - 5 potions of curing
 i - 3 potions of agility
 j - 7 potions of flight
 z - a potion of resistance
 A - a potion of haste
 B - a potion of heal wounds
 C - 2 potions of mutation
 F - a potion of magic
Books
 w - a book of Conjurations

   Spells                             Type                      Level
   a - Magic Dart                     Conjuration                  1
   b - Searing Ray                    Conjuration                  2
   c - Dazzling Spray                 Conjuration/Hexes            3
   d - Fulminant Prism                Conjuration/Hexes            4
   e - Force Lance                    Conjuration/Translocation    4
   f - Iskenderun's Mystic Blast      Conjuration                  4
Comestibles
 f - 25 rations


   Skills:
 + Level 6.4(11.4) Fighting
 + Level 11.6(16.6) Long Blades
 + Level 3.4(8.4) Axes
 + Level 9.6(14.6) Armour
 + Level 4.6(9.6) Dodging
 + Level 2.0(7.0) Stealth
 + Level 10.7(15.7) Shields
 + Level 2.4 Invocations
 + Level 2.3 Evocations


You had 10 spell levels left.
You didn't know any spells.

Dungeon Overview and Level Annotations

Branches:
Dungeon (11/15)            Temple (1/1) D:6            Lair (2/6) D:8
    Orc (0/2) D:10
  Swamp: Lair:2-4    Shoals: Lair:2-4     Snake: Lair:2-4    Spider: Lair:2-4

Altars:
Cheibriados
Gozag
Hepliaklqana
Nemelex Xobeh
Okawaru
Qazlal
Uskayaw
Zin
The Shining One

Shops:
D:4 ?!   D:7 (=((?

Annotations:
D:11 Snorg
Lair:2 Gargoyl's ghost, journeyman CeAK


Innate Abilities, Weirdness & Mutations

You are resistant to damage.
You can heal yourself by infusing magical energy.
You passively map the area around you.
You do not regenerate.
You are weak. (Str -2)


Message History

Snorg bites you!
* * * LOW HITPOINT WARNING * * *
Snorg closely misses you. You block Snorg's attack.
You hit Snorg.
Snorg is moderately wounded.
Snorg bites you!
* * * LOW HITPOINT WARNING * * *
You block Snorg's attack. x2
You hit Snorg.
Snorg is moderately wounded.
Snorg bites you but does no damage. Snorg claws you.
* * * LOW HITPOINT WARNING * * *
Snorg claws you but does no damage.
You slash Snorg!
Snorg is moderately wounded.
You block Snorg's attack. Snorg barely misses you. You block Snorg's attack.
You closely miss Snorg.
Snorg is moderately wounded.
Snorg bites you!!
You die...

.....# * #....#
.....# , * *
*#####.## .....#
* * ,...#.#
.....# *
####.#.## ....##
, * #.......#
....# * ,
#.##.#### , ,
#.##.# , ,
#..#######.##.#
,*
*,#......@...##.#
,
,#...#.T######.#
, * # ..... #.# ,
..#.... *, #.# <
,, ...#.., #.# ,
..#.#.. * , * **#
#,... ,* * , *#.#
* , ,


You could see Snorg (berserk).

Vanquished Creatures
  A hydra (Lair:1)
  A two-headed ogre (D:10)
  Pikel (D:7)
  Psyche (D:8)
  2 spiny frogs (Lair:1)
  A komodo dragon (Lair:1)
  A troll (D:9)
  5 blink frogs (Lair:2)
  3 hippogriffs
  Sigmund (D:3)
  A wyvern (D:8)
  14 yaks (Lair:1)
  A hungry ghost (D:10)
  2 water moccasins
  4 porcupines (Lair:1)
  3 slaves
  11 ice beasts
  2 sky beasts
  4 orc warriors
  A necrophage (D:9)
  4 ogres
  A black bear (D:6)
  An eye of draining (D:9)
  A phantom (D:10)
  5 wolves (Lair:1)
  7 centaurs
  A big kobold (D:9)
  A crocodile (D:10)
  The ghost of coldbreeze the Skirmisher, an amateur VSGl (D:3)
  10 bullfrogs
  2 scorpions
  A water moccasin skeleton (D:6)
  4 wights (D:10)
  6 killer bees
  2 howler monkeys
  5 crimson imps
  2 jellies (D:10)
  A centaur zombie (D:8)
  3 hounds
  Crazy Yiuf (D:7)
  5 orc priests
  A centaur skeleton (D:4)
  8 orc wizards
  Ijyb (D:3)
  4 iguanas
  Natasha (thrice) (D:3 D:6)
  7 worker ants
  A hound skeleton (D:4)
  Robin (D:3)
  10 gnolls
  8 adders
  A shadow imp (D:6)
  An ooze (D:1)
  An adder skeleton (D:8)
  2 worms
  A dart slug (D:3)
  6 leopard geckos
  38 orcs
  A giant cockroach (D:4)
  19 goblins
  10 hobgoblins
  16 jackals
  3 quokkas
  3 bats
  7 frilled lizards
  2 jackal zombies
  15 kobolds
  A quokka skeleton (D:7)
  A quokka zombie (D:5)
  6 rats
302 creatures vanquished.

Vanquished Creatures (others)
  An orc warrior (D:8)
  A fungus (Lair:1)
2 creatures vanquished.

Grand Total: 304 creatures vanquished

Notes
Turn   | Place    | Note
-------+----------+-------------------------------------------
     0 | D:1      | Peloso the Deep Dwarf Fighter began the quest for the Orb.
     0 | D:1      | Reached XP level 1. HP: 20/20 MP: 1/1
   220 | D:1      | Reached XP level 2. HP: 25/27 MP: 2/2
   521 | D:1      | Reached XP level 3. HP: 31/34 MP: 3/3
  1283 | D:2      | Reached XP level 4. HP: 11/42 MP: 4/4
  1314 | D:2      | Reached skill level 3 in Long Blades
  1660 | D:3      | Noticed Robin
  1673 | D:3      | Reached skill level 1 in Dodging
  1691 | D:3      | Killed Robin
  1691 | D:3      | Reached XP level 5. HP: 31/49 MP: 5/5
  1831 | D:3      | Noticed Natasha
  1860 | D:3      | Killed Natasha
  2008 | D:3      | Noticed Ijyb
  2010 | D:3      | Noticed Sigmund
  2017 | D:3      | Killed Ijyb
  2023 | D:3      | Killed Sigmund
  2023 | D:3      | Reached skill level 4 in Long Blades
  2023 | D:3      | Reached XP level 6. HP: 20/56 MP: 6/6
  2160 | D:3      | Noticed coldbreeze's ghost (amateur VSGl)
  2168 | D:3      | Killed coldbreeze's ghost
  2278 | D:3      | Reached skill level 5 in Long Blades
  2591 | D:3      | Reached XP level 7. HP: 45/63 MP: 6/6
  2602 | D:3      | Noticed a hand axe
  2602 | D:3      | Noticed a hand axe
  2603 | D:3      | Found a hide-covered altar of Uskayaw.
  2640 | D:3      | Reached skill level 5 in Armour
  2821 | D:4      | Reached skill level 1 in Evocations
  3066 | D:4      | Found Ihethac's Magic Scroll Emporium.
  3110 | D:4      | Got a translucent dagger
  3111 | D:4      | Identified the +7 dagger "Vankism" {pierce, MR+} (You found it on level 4 of the Dungeon)
  3116 | D:4      | Found Icoitz's Distillery.
  3139 | D:4      | Bought a potion of agility for 52 gold pieces
  3198 | D:4      | Bought a scroll of teleportation for 33 gold pieces
  3198 | D:4      | Bought a scroll of enchant weapon for 82 gold pieces
  3211 | D:4      | Bought a scroll of identify for 22 gold pieces
  4166 | D:5      | Entered Level 5 of the Dungeon
  4624 | D:5      | Found an opulent altar of Gozag.
  5033 | D:5      | Reached skill level 6 in Long Blades
  5033 | D:5      | Reached skill level 5 in Shields
  5051 | D:6      | Got a colourful robe
  5062 | D:6      | Identified the +1 robe of the Land of Plenty {Dex-5 Slay+5} (You found it on level 6 of the Dungeon)
  5111 | D:6      | Reached XP level 8. HP: 29/72 MP: 6/6
  5162 | D:6      | Reached skill level 7 in Long Blades
  5501 | D:6      | Noticed Natasha
  5517 | D:6      | Killed Natasha
  5623 | D:6      | Noticed Natasha
  5634 | D:6      | Killed Natasha
  6076 | D:6      | Found a staircase to the Ecumenical Temple.
  6085 | Temple   | Entered the Ecumenical Temple
  6096 | Temple   | Became a worshipper of Warmaster Okawaru
  6152 | D:7      | Found Tavacky's Jewellery Shop.
  6168 | D:7      | Found Qimnaem's Antique Weapon Shoppe.
  6189 | D:7      | Found Gopuahi's Antique Weapon Shop.
  6216 | D:7      | Reached skill level 8 in Long Blades
  6234 | D:7      | Gained mutation: You passively map the area around you. [Deep Dwarf growth]
  6234 | D:7      | Reached XP level 9. HP: 47/78 MP: 8/8
  6251 | D:7      | Bought a runed falchion for 126 gold pieces
  6873 | D:7      | Got a fine hunting sling
  6886 | D:7      | Found a runed door.
  6890 | D:7      | Noticed Crazy Yiuf
  6901 | D:7      | Killed Crazy Yiuf
  6910 | D:7      | Identified the +6 hunting sling of Patterns {freeze, *Contam rPois rC+++ SInv} (You found it on level 7 of the Dungeon)
  6912 | D:7      | Gained mutation: You are weak. (Str -2) [mutagenic glow]
  6914 | D:7      | Got a scorched mace
  6915 | D:7      | Identified the cursed +0 mace of the Middle {crush, rC+ Int+8 Dex-2} (You found it on level 7 of the Dungeon)
  7044 | D:7      | Found a snail-covered altar of Cheibriados.
  7046 | D:7      | Noticed Pikel
  7075 | D:7      | Killed Pikel
  7204 | D:7      | Reached * piety under Okawaru
  7330 | D:7      | Found Saf Lerch's Antique Weapon Shoppe.
  7630 | D:7      | Found Withros's Magic Scroll Emporium.
  7792 | D:7      | Reached skill level 9 in Long Blades
  7945 | D:8      | Noticed Psyche
  8042 | D:8      | Killed Psyche
  8042 | D:8      | Reached skill level 1 in Stealth
  8180 | D:8      | Reached XP level 10. HP: 41/87 MP: 8/8
  8358 | D:8      | Found a staircase to the Lair.
  8574 | Lair:1   | Entered Level 1 of the Lair of Beasts
  8666 | Lair:1   | Noticed a six-headed hydra
  8687 | Lair:1   | Reached ** piety under Okawaru
  8693 | Lair:1   | HP: 4/87 [one-headed hydra (5)]
  8694 | Lair:1   | Killed a one-headed hydra
  8694 | Lair:1   | Reached skill level 5 in Fighting
  8829 | Lair:1   | Reached *** piety under Okawaru
  8861 | Lair:1   | Reached skill level 1 in Invocations
  8875 | Lair:1   | Reached skill level 10 in Long Blades
  8998 | Lair:1   | Noticed a spiny frog
  9006 | Lair:1   | Noticed a spiny frog
  9035 | Lair:1   | Killed a spiny frog
  9063 | Lair:1   | Killed a spiny frog
  9096 | Lair:1   | Reached **** piety under Okawaru
  9096 | Lair:1   | Reached XP level 11. HP: 14/97 MP: 5/5
 10050 | Lair:2   | Reached skill level 10 in Shields
 10200 | Lair:2   | Noticed Gargoyl's ghost (journeyman CeAK)
 10328 | D:8      | Reached skill level 11 in Long Blades
 11318 | D:10     | Entered Level 10 of the Dungeon
 11570 | D:10     | Found a staircase to the Orcish Mines.
 11598 | D:10     | Noticed a two-headed ogre
 11604 | D:10     | Killed a two-headed ogre
 11604 | D:10     | Reached ***** piety under Okawaru
 12571 | D:11     | Noticed Snorg
 12582 | D:11     | Mangled by Snorg

Skill      XL: |  1  2  3  4  5  6  7  8  9 10 11 |
---------------+----------------------------------+-----
Fighting       | 3 4 5 6 |  6.4
Armour         | 4 5 6 8 9 |  9.6
Long Blades    | 3 4 5 6 8 9 10 11 | 11.6
Dodging        | 1 2 3 4 |  4.6
Shields        | 4 5 6 7 9 10 | 10.7
Evocations     | 1 2 |  2.3
Stealth        | 1 2 |  2.0
Axes           | 3 |  3.4
Invocations    | 1 2 |  2.4

Action                   |  1- 3 |  4- 6 |  7- 9 | 10-12 || total
-------------------------+-------+-------+-------+-------++-------
Melee: Long sword        |   157 |   176 |   387 |       ||   720
       Falchion          |       |       |   288 |   803 ||  1091
       War axe           |       |       |       |    34 ||    34
Invok: Heroism           |       |       |     1 |    24 ||    25
 Abil: Heal Wounds       |       |     3 |     9 |    17 ||    29
Evoke: Wand              |       |       |    20 |     4 ||    24
  Use: Potion            |       |     2 |     7 |     3 ||    12
       Scroll            |       |       |    18 |     5 ||    23
 Stab: Invisible         |       |       |     8 |       ||     8
  Eat: Chunk             |     2 |     4 |    16 |    12 ||    34
       Ration            |       |       |     1 |     1 ||     2
Armor: Scale mail        |    67 |    67 |    45 |       ||   179
       Chain mail        |       |       |   249 |   260 ||   509
Dodge: Dodged            |    29 |    53 |   179 |   228 ||   489
Block: Shield            |    69 |    82 |   346 |   467 ||   964
       Rpst.: Long sword |     7 |    20 |    27 |       ||    54
       Falchion          |       |       |    29 |    63 ||    92
